 Dungeon Sprint DCSS version 0.21.1-1-g345015f (webtiles) character file.

3300000 Fang the Axe Maniac (level 21, -86/224 HPs)
             Began as a Minotaur Gladiator on May 2, 2018.
             Was the Champion of Makhleb.
             Annihilated by a destroyer
             ... wielding a +9 great sword of slicing
              (154 damage)
             ... in the Dungeon (Sprint VIII: "Arena of Blood").
             The game lasted 00:01:34 (33 turns).

Fang the Axe Maniac (Minotaur Gladiator)              Turns: 33, Time: 00:01:35

Health: -86/224    AC:  6    Str: 25    XL:     21   Next: 40%
Magic:  18/45      EV: 32    Int:  5    God:    Makhleb [******]
Gold:   0          SH:  0    Dex: 16    Spells: 63/63 levels left

rFire    . . .     SeeInvis .   l - +∞ Axe of Woe
rCold    . . .     Gourm    .   (shield currently unavailable)
rNeg     . . .     Faith    .   b - +0 leather armour
rPois    .         Spirit   .   c - +0 hat
rElec    .         Reflect  .   (no cloak)
rCorr    .         Harm     .   (no gloves)
MR       +....     NoTele   +   (no boots)
Stlth    +++++++++.             (no amulet)
HPRegen  0.47/turn              (no ring)
MPRegen  0.29/turn              (no ring)

@: no status effects
A: retaliatory headbutt, horns 2
a: Minor Destruction, Lesser Servant of Makhleb, Major Destruction, Greater
Servant of Makhleb, Renounce Religion


You were in the Dungeon.
You worshipped Makhleb.
Makhleb was exalted by your worship.
You were not hungry.

You visited 1 branch

Inventory:

Hand Weapons
 a - a +0 war axe
 l - the +∞ Axe of Woe (weapon)
   (You found it in the Dungeon)
Missiles
 d - 3 throwing nets (quivered)
Armour
 b - a +0 leather armour (worn)
 c - a +0 hat (worn)
Scrolls
 k - a scroll of blinking
Potions
 e - a potion of curing
 g - a potion of heal wounds
 h - a potion of haste
 i - 2 potions of magic
 j - a potion of berserk rage
Comestibles
 f - a ration


   Skills:
 O Level 27 Fighting
 O Level 27 Axes
 O Level 27 Throwing
 O Level 27 Armour
 O Level 27 Dodging
 + Level 26.8 Stealth
 O Level 27 Unarmed Combat
 + Level 21.7 Spellcasting
 O Level 27 Invocations


You had 63 spell levels left.
You didn't know any spells.

Dungeon Overview and Level Annotations

Branches:
Dungeon (1/1)

Altars:
Makhleb

Annotations:
D The Servant


Innate Abilities, Weirdness & Mutations

You reflexively headbutt those who attack you in melee.
You have a pair of horns on your head.


Message History

You hear a shout! x6
The destroyer blinks!
You hear a shout!
Really walk into that cloud of flame?
Okay, then.
A large bag of meat comes into view. It is wielding a +9 giant spiked club.
You hear a shout! x3
The large bag of meat moves out of view.
The sculptor of flesh appears out of thin air!
A sculptor of flesh comes into view. It is wielding a +9 great sword.
The sculptor of flesh appears out of thin air!
A sculptor of flesh comes into view. It is wielding a +9 great sword.
The sculptor of flesh appears out of thin air!
A sculptor of flesh comes into view. It is wielding a +9 great sword.
You hear a shout!
The bag of meat is engulfed in blazing flames.
You hear a shout! x10
The destroyer hits you with a +9 great sword of slicing!!!!!
Ouch! That really hurt!
You die...

...........
............
...........
...........
..........
#.......# .#..
#)).....#
.O..@###o).....###.
....z§o)@V###......
..#..§§§))._......
#.......#.%...#..
...z....#§.<._#
#.....%.#)...z#
..#.....%.._......
.%........###......
....###%.. ..###. .
#... ..#


You could see The Servant, a destroyer, 3 sculptors of flesh, a meat berserker
(berserk) and 2 bags of meat.

Vanquished Creatures
  A vampire knight (D)
  17 orcs (D)
  6 ogres (D)
  A two-headed ogre (D)
25 creatures vanquished.

Notes
Turn   | Place    | Note
-------+----------+-------------------------------------------
     0 | D        | Found the +∞ Axe of Woe
     0 | D        | Fang the Minotaur Gladiator began the quest for the Orb.
     0 | D        | Reached XP level 1. HP: 18/18 MP: 0/0
     4 | D        | Became a worshipper of Makhleb the Destroyer
     5 | D        | Noticed a meat berserker
     5 | D        | Noticed a bag of meat
     6 | D        | Killed a meat berserker
     6 | D        | Reached XP level 2. HP: 45/45 MP: 1/1
     6 | D        | Reached XP level 3. HP: 51/51 MP: 2/2
     6 | D        | Reached XP level 4. HP: 59/59 MP: 3/3
     6 | D        | Reached XP level 5. HP: 66/66 MP: 4/4
     6 | D        | Reached XP level 6. HP: 73/73 MP: 5/5
     6 | D        | Reached XP level 7. HP: 80/80 MP: 6/6
     6 | D        | Reached XP level 8. HP: 88/88 MP: 7/7
     6 | D        | Reached XP level 9. HP: 94/94 MP: 8/8
     6 | D        | Reached XP level 10. HP: 102/102 MP: 9/9
     6 | D        | Reached XP level 11. HP: 108/108 MP: 10/10
     6 | D        | Reached XP level 12. HP: 116/116 MP: 11/11
     6 | D        | Reached XP level 13. HP: 123/123 MP: 12/12
     7 | D        | Noticed a bag of meat
     7 | D        | Noticed a bag of meat
     7 | D        | Noticed a bag of meat
     8 | D        | Killed a bag of meat
     8 | D        | Reached * piety under Makhleb
     8 | D        | Reached skill level 15 in Fighting
    10 | D        | Killed a bag of meat
    10 | D        | Reached skill level 27 in Axes
    10 | D        | Reached XP level 14. HP: 91/138 MP: 13/13
    11 | D        | Noticed a bag of meat
    11 | D        | Noticed a bag of meat
    12 | D        | Killed a bag of meat
    12 | D        | Reached skill level 1 in Armour
    13 | D        | Noticed a meat berserker
    13 | D        | Noticed a bag of meat
    14 | D        | Noticed a bag of meat
    14 | D        | Killed a bag of meat
    14 | D        | Reached ** piety under Makhleb
    14 | D        | Reached skill level 15 in Throwing
    14 | D        | Reached skill level 27 in Dodging
    14 | D        | Reached XP level 15. HP: 81/157 MP: 14/14
    16 | D        | Noticed a meat berserker
    16 | D        | Killed a meat berserker
    18 | D        | Noticed a meat berserker
    18 | D        | Reached skill level 27 in Fighting
    18 | D        | Reached XP level 16. HP: 154/183 MP: 15/15
    18 | D        | Reached *** piety under Makhleb
    19 | D        | Noticed a meat berserker
    19 | D        | Killed a meat berserker
    19 | D        | Reached skill level 27 in Throwing
    19 | D        | Reached XP level 17. HP: 191/191 MP: 16/16
    20 | D        | Killed a meat berserker
    20 | D        | Reached **** piety under Makhleb
    20 | D        | Reached skill level 27 in Armour
    21 | D        | Reached skill level 10 in Unarmed Combat
    21 | D        | Reached skill level 10 in Invocations
    21 | D        | Reached XP level 18. HP: 200/200 MP: 16/27
    22 | D        | Noticed a large bag of meat
    23 | D        | Reached skill level 15 in Unarmed Combat
    23 | D        | Reached skill level 10 in Spellcasting
    23 | D        | Reached ***** piety under Makhleb
    23 | D        | Reached skill level 15 in Invocations
    24 | D        | Killed a meat berserker
    24 | D        | Reached XP level 19. HP: 207/207 MP: 16/35
    25 | D        | Noticed a destroyer
    25 | D        | Noticed a meat berserker
    25 | D        | Noticed a destroyer
    26 | D        | Reached skill level 15 in Spellcasting
    26 | D        | Reached XP level 20. HP: 216/216 MP: 16/39
    28 | D        | Killed a large bag of meat
    28 | D        | Reached ****** piety under Makhleb
    29 | D        | Killed a meat berserker
    29 | D        | Reached skill level 27 in Unarmed Combat
    29 | D        | Reached XP level 21. HP: 130/224 MP: 17/43
    31 | D        | Noticed The Servant
    31 | D        | HP: 4/224 [destroyer/+9 great sword of slicing (128)]
    31 | D        | HP: 1/224 [destroyer/+9 great sword of slicing (3)]
    32 | D        | Killed a destroyer
    32 | D        | Reached skill level 27 in Invocations
    33 | D        | Noticed a large bag of meat
    33 | D        | Annihilated by a destroyer

Skill      XL: |  1  2  3  4  5  6  7  8  9 10 11 12 13 14 15 16 17 18 19 20 21 |
---------------+----------------------------------------------------------------+-----
Fighting       | 13 16 20 27 | 27.0
Axes           | 23 27 | 27.0
Throwing       | 11 13 15 20 27 | 27.0
Dodging        | 21 24 27 | 27.0
Armour         | 4 9 17 27 | 27.0
Stealth        | 9 16 21 24 26 | 26.8
Unarmed Combat | 10 19 24 27 | 27.0
Spellcasting   | 7 13 16 19 21 | 21.7
Invocations    | 10 18 22 26 27 | 27.0

Action                   |  1- 3 |  4- 6 |  7- 9 | 10-12 | 13-15 | 16-18 | 19-21 || total
-------------------------+-------+-------+-------+-------+-------+-------+-------++-------
Melee: Executioner's axe |     1 |       |       |       |     6 |     5 |     4 ||    16
Armor: Leather armour    |       |       |       |       |       |       |     1 ||     1
